 Dungeon Crawl Stone Soup version 0.28.0-53-g5a82cb258f (webtiles) character file.

Game seed: 12832347237745872073

175 Ashen the Caller (level 5, 0/50 HPs)
             Began as an Ogre Summoner on June 17, 2022.
             Succumbed to a scorpion's poison
             ... on level 3 of the Dungeon.
             The game lasted 00:06:43 (3771 turns).

Ashen the Caller (Ogre Summoner)                    Turns: 3771, Time: 00:06:43

Health: 0/50       AC:  3    Str: 12    XL:     5   Next: 55%
Magic:  10/10      EV: 14    Int: 18    God:
Gold:   129        SH:  0    Dex:  9    Spells: 8/11 levels left

rFire   . . .      SeeInvis .   i - +0 club
rCold   . . .      Faith    .   (no shield)
rNeg    . . .      Spirit   .   a - +0 robe
rPois   .          Reflect  .   (helmet restricted)
rElec   .          Harm     .   (no cloak)
rCorr   .          Rampage  .   (gloves unavailable)
Will    .....                   (boots unavailable)
Stlth   ++........              (no amulet)
HPRegen 0.16/turn               e - +4 ring of evasion
MPRegen 0.12/turn               (no ring)

@: lethally poisoned (0 -> -6), attractive
A: large, unfitting armour, tough skin 1, horns 1
a: no special abilities


You were on level 3 of the Dungeon.
You visited 1 branch of the dungeon, and saw 3 of its levels.

You collected 129 gold pieces.

Inventory:

Hand Weapons
 i - a +0 club (weapon)
Armour
 a - a +0 robe (worn)
 c - +0 ice dragon scales
Magical Staves
 g - a staff of conjuration
Jewellery
 e - a +4 ring of evasion (left hand)
Scrolls
 b - a scroll of enchant weapon {unknown}
 d - a scroll of blinking {unknown}
 f - a scroll of teleportation
 m - a scroll of vulnerability {unknown}
Potions
 k - a potion of haste {unknown}


   Skills:
 + Level 2.5 Fighting
 + Level 2.7 Dodging
 + Level 2.3 Stealth
 + Level 3.5 Spellcasting
 + Level 4.2 Summonings


You had 8 spell levels left.
You knew the following spells:

 Your Spells              Type           Power      Damage    Failure   Level
a - Summon Small Mammal   Summ           72%        N/A       2%          1
b - Call Imp              Summ           18%        N/A       4%          2

Your spell library contained the following spells:

 Spells                   Type           Power      Damage    Failure   Level
 Call Canine Familiar     Summ           18%        N/A       9%          3
 Summon Guardian Golem    Hex/Summ       10%        N/A       21%         3
 Portal Projectile        Hex/Tloc       6%         N/A       43%         3
 Summon Lightning Spire   Summ/Air       10%        N/A       54%         4
 Leda's Liquefaction      Hex/Erth       1%         N/A       83%         4


Dungeon Overview and Level Annotations

Branches:
Dungeon (3/15)

Altars:
Nemelex Xobeh
Xom


Innate Abilities, Weirdness & Mutations

You are too large for most types of armour.
You have tough skin. (AC +1)
You have a pair of small horns on your head.


Message History

You feel very sick. The scorpion misses you.
Your shadow imp hits the scorpion.
The scorpion completely misses you.
* * * LOW HITPOINT WARNING * * *
You feel very sick. The scorpion stings you!
* * * LOW HITPOINT WARNING * * *
You are more poisoned.
The scorpion poisons you!
Your shadow imp hits the scorpion.
* * * LOW HITPOINT WARNING * * *
You feel very sick. The scorpion stings you.
* * * LOW HITPOINT WARNING * * *
Your shadow imp closely misses the scorpion.
Are you sure you want to stumble around while confused and next to your shadow imp?
You bump into the rock wall.
* * * LOW HITPOINT WARNING * * *
You feel very sick. The scorpion closely misses you.
Your shadow imp hits the scorpion but does no damage.
Are you sure you want to stumble around while confused and next to your shadow imp?
You're too confused to move!
* * * LOW HITPOINT WARNING * * *
You feel very sick. The scorpion stings your shadow imp.
Your shadow imp closely misses the scorpion.
Are you sure you want to stumble around while confused and next to your shadow imp?
You feel less invigorated.
You feel less confused.
* * * LOW HITPOINT WARNING * * *
You feel sick. The scorpion stings your shadow imp.
The scorpion barely misses your shadow imp.
Your shadow imp hits the scorpion but does no damage.
* * * LOW HITPOINT WARNING * * *
You feel sick. Something stings your shadow imp.
Your shadow imp dies!
Your shadow imp disappears in a puff of smoke!
It was a potion of mutation.
You feel extremely strange. A pair of horns grows on your head!
You die...

#####......#.....#######.#
........................>#
###'''##############.#####
###...####### #.#
###...#....○########.###
.##.⌠.#.○.§.##.........#
°.#...#.○...########.#.#
.##...#.§...##.#####.#.#
###...#.....##..@....#.#
###...########..####.#.#
...._.......⌠#..s..#.#.#
###...#########..#†#.#.#
###...##...## #..#.#.#.#
.##...#.☼○..##...#.#.#
§.#...#.☼§..##...#.#.#
§##.⌠.#.....##.....#.#
###...##...###.....#


There were no monsters in sight!

Vanquished Creatures
  Jessica (D:2)
  A dart slug (D:1)
  2 endoplasms
  2 goblins
  4 quokkas
  6 ball pythons
  A bat (D:2)
  A frilled lizard (D:1)
  2 rats (D:1)
20 creatures vanquished.

Vanquished Creatures (collateral kills)
  Natasha (thrice) (D:2)
  4 adders
  A worm (D:2)
  A dart slug (D:1)
  An endoplasm (D:2)
  3 giant cockroaches (D:2)
  3 hobgoblins (D:2)
  A bat (D:2)
  A rat (D:2)
18 creatures vanquished.

Vanquished Creatures (others)
  A plant (D:3)
1 creature vanquished.

Grand Total: 39 creatures vanquished

Notes
Turn   | Place    | Note
-------+----------+-------------------------------------------
     0 | D:1      | Ashen the Ogre Summoner began the quest for the Orb.
     0 | D:1      | Reached XP level 1. HP: 16/16 MP: 3/3
   419 | D:1      | Reached XP level 2. HP: 24/24 MP: 3/5
   875 | D:1      | Learned a level 2 spell: Call Imp
  1558 | D:2      | Reached XP level 3. HP: 22/32 MP: 7/7
  1691 | D:2      | Noticed Natasha
  1702 | D:2      | Killed Natasha
  1703 | D:2      | Reached skill level 1 in Fighting
  1726 | D:2      | Noticed Natasha
  2160 | D:2      | Killed Natasha
  2161 | D:2      | Reached skill level 4 in Summonings
  2161 | D:2      | Reached XP level 4. HP: 6/42 MP: 3/8
  2163 | D:2      | Noticed Jessica
  2928 | D:2      | Killed Jessica
  2929 | D:2      | Reached XP level 5. HP: 38/49 MP: 3/10
  2959 | D:2      | Noticed Natasha
  2971 | D:2      | Killed Natasha
  3541 | D:3      | Found a faded altar of an unknown god.
  3677 | D:3      | Found a sparkling altar of Nemelex Xobeh.
  3741 | D:3      | Found a shimmering altar of Xom.
  3766 | D:3      | HP: 1/50 [scorpion (2)]
  3771 | D:3      | Gained mutation: You have a pair of small horns on your
                  | head. [potion of mutation]
  3771 | D:3      | Succumbed to a scorpion's poison

Illustrated notes

Levels and vault maps discovered:
D:1:      eino_arrival_cavern_c, layout_loops_ring, serial_bayou_pond_d,
          minmay_misc_feat_encased
D:2:      layout_basic, kennysheep_generic_room_13, uniq_jessica, uniq_natasha
D:3:      layout_basic, nemelex_altar_shiori, xom_confusion_cloud,
          dilly_ecumenical_altar_fadedgnrine

Skill      XL: |  1  2  3  4 |
---------------+-------------+-----
Dodging        | 2 |  2.7
Fighting       | 1 2 |  2.5
Spellcasting   | 3 |  3.5
Stealth        | 2 |  2.3
Summonings     | 4 |  4.2

Action                   |  1- 3 |  4- 6 || total
-------------------------+-------+-------++-------
Melee: Unarmed           |   100 |    10 ||   110
       Punch             |     2 |     1 ||     3
       Club              |       |    54 ||    54
 Cast: Summon Small Mamm |    16 |    12 ||    28
       Call Imp          |     7 |     9 ||    16
  Use: Scroll            |     1 |       ||     1
       Potion            |       |     3 ||     3
 Stab: Sleeping          |     4 |       ||     4
Armor: Robe              |    29 |    11 ||    40
Dodge: Dodged            |    59 |    66 ||   125
